 Dungeon Sprint DCSS version 0.26-a0-652-gafc20e3620 (webtiles) character file.

Game seed: 1559312357117924940

5031 sahdkjhfkaj the Brawler (level 10, 0/122 HPs)
             Began as a Troll Monk on Oct 1, 2020.
             Was a Priest of Ru.
             Slain by a sun demon (14 damage)
             ... in the Dungeon (Sprint VII: "The Pits").
             The game lasted 00:08:36 (1178 turns).

sahdkjhfkaj the Brawler (Troll Monk)                Turns: 1178, Time: 00:08:37

Health: 0/122      AC:  7    Str: 24    XL:     10   Next: 30%
Magic:  9/9        EV:  9    Int:  6    God:    Ru [***...]
Gold:   0          SH:  0    Dex: 12    Spells: 9/9 levels left

rFire    . . .     SeeInvis .     - Unarmed
rCold    . . .     Faith    .   (no shield)
rNeg     . . .     Spirit   .   a - +0 robe
rPois    .         Reflect  .   (helmet restricted)
rElec    .         Harm     .   s - +0 cloak
rCorr    .         Rampage  .   (gloves unavailable)
MR       .....     NoTele   +   (boots unavailable)
Stlth    +.........             (no amulet)
HPRegen  0.70/turn              (no ring)
MPRegen  0.11/turn              (no ring)

@: exhausted, no scrolls, lightly drained
A: large, unfitting armour, claws 3, regeneration 1, shaggy fur 1, tough skin 3,
inability to read while threatened, inability to train dodging, no earth magic,
no hexes magic, no translocations magic
a: Draw Out Power, Renounce Religion


You were in the Dungeon.
You worshipped Ru.
Ru was most pleased with you.
You visited 1 branch

Inventory:

Armour
 a - a +0 robe (worn)
 s - a +0 cloak (worn)
Jewellery
 m - a +3 ring of intelligence
 p - a +3 ring of strength
Scrolls
 g - a scroll of blinking
 i - 3 scrolls of remove curse
 j - 5 scrolls of amnesia
 k - a scroll of summoning
 l - 2 scrolls of vulnerability
Potions
 b - 8 potions of curing
 c - 5 potions of heal wounds
 d - a potion of haste
 e - 4 potions of magic
 f - 2 potions of berserk rage
 h - 2 potions of invisibility
 n - a potion of stabbing
 o - 2 potions of brilliance
 q - a potion of resistance
 r - a potion of mutation


   Skills:
 - Level 14.0(13.5) Fighting
 - Level 1.0(0.7) Stealth
 + Level 17.1(16.6) Unarmed Combat


You had 9 spell levels left.
You didn't know any spells.
Your spell library was empty.

Dungeon Overview and Level Annotations

Branches:
Dungeon (1/1)

Altars:
Ashenzari
Cheibriados
Dithmenos
Elyvilon
Fedhas
Gozag
Hepliaklqana
Kikubaaqudgha
Makhleb
Nemelex Xobeh
Okawaru
Qazlal
Ru
Sif Muna
Trog
Uskayaw
Vehumet
Wu Jian
Xom
Yredelemnul
Zin
The Shining One
Beogh
Jiyva
Lugonu


Innate Abilities, Weirdness & Mutations

You are too large for most types of armour.
You have claws for hands.
Your natural rate of healing is unusually fast.
You are covered in fur. (AC +1)
You have extremely tough skin. (AC +3)
You cannot read scrolls while threatened.
You cannot train Dodging skill.
You cannot study or cast Earth magic.
You cannot study or cast Hexes magic.
You cannot study or cast Translocations magic.


Message History

The sun demon is moderately wounded.
The sun demon barely misses you.
You are restored by drawing out deep reserves of power within.
You feel drained. The sun demon hits you!
You are engulfed in flames!
Something unseen opens the door.
Okay, then.
You mangle the sun demon!!
The sun demon is severely wounded.
You can read scrolls again.
The sun demon hits you!!
You feel threatened and lose the ability to read scrolls!
You are engulfed in flames!
An orc comes into view. It is wielding a +0 war axe.
You miss the sun demon.
The sun demon is severely wounded.
A cane toad comes into view.
The sun demon hits you!!
* * * LOW HITPOINT WARNING * * *
You are engulfed in flames!
You die...

..<...##..# ##.##
......##..# ##...## F.
......##.)####.....##.
......##...##......#.
########....)).....o
########...##......#
.#...[##..####..)..#
.#..[[##..##.##...## .
.'..))##..##.l##@##
o.. .#..))##..#
#..#3#olooo
.#..))##..# #W()[..#
########### ########


You could see a sun demon (blind), a cane toad (wandering) and an orc
(wandering).

Vanquished Creatures
  A vampire knight (D)
  A shadow wraith (D)
  Pikel (D)
  An orc sorcerer (D)
  A molten gargoyle (D)
  A gargoyle (D)
  A komodo dragon (D)
  A tyrant leech (D)
  3 blink frogs (D)
  A shadow (D)
  A flying skull (D)
  A wraith (D)
  A vampire (D)
  A warg (D)
  A black bear (D)
  4 killer bees (D)
  An orc priest (D)
  An orc wizard (D)
  An iron imp (D)
  A worker ant (D)
  A gnoll (D)
  2 adders (D)
  A river rat (D)
  An ooze (D)
  2 leopard geckos (D)
  8 orcs (D)
  A ball python (D)
  A giant cockroach (D)
  A hobgoblin (D)
  2 jackals (D)
  A rat (D)
46 creatures vanquished.

Notes
Turn   | Place    | Note
-------+----------+-------------------------------------------
     0 | D        | sahdkjhfkaj the Troll Monk began the quest for the Orb.
     0 | D        | Reached XP level 1. HP: 22/22 MP: 0/0
    15 | D        | Reached skill level 4 in Unarmed Combat
    15 | D        | Reached XP level 2. HP: 28/31 MP: 1/1
    18 | D        | Found a bloodstained altar of Trog.
    18 | D        | Found a shimmering blue altar of Sif Muna.
    18 | D        | Found a viscous altar of Jiyva.
    18 | D        | Found a hazy altar of Hepliaklqana.
    18 | D        | Found an opulent altar of Gozag.
    19 | D        | Found a glowing golden altar of the Shining One.
    19 | D        | Found a glowing silver altar of Zin.
    19 | D        | Found a basalt altar of Yredelemnul.
    19 | D        | Found a shimmering altar of Xom.
    19 | D        | Found an ornate altar of the Wu Jian Council.
    19 | D        | Found a sacrificial altar of Ru.
    19 | D        | Found a stormy altar of Qazlal.
    19 | D        | Found an iron altar of Okawaru.
    19 | D        | Found a sparkling altar of Nemelex Xobeh.
    19 | D        | Found a burning altar of Makhleb.
    19 | D        | Found a blossoming altar of Fedhas.
    19 | D        | Found a white marble altar of Elyvilon.
    19 | D        | Found a shadowy altar of Dithmenos.
    19 | D        | Found a snail-covered altar of Cheibriados.
    20 | D        | Found a radiant altar of Vehumet.
    20 | D        | Found a corrupted altar of Lugonu.
    20 | D        | Found a roughly hewn altar of Beogh.
    21 | D        | Found a hide-covered altar of Uskayaw.
    21 | D        | Found an ancient bone altar of Kikubaaqudgha.
    21 | D        | Found a broken altar of Ashenzari.
    23 | D        | Became a worshipper of Ru the Awakened
    49 | D        | Gained mutation: You cannot read scrolls while threatened.
                  | [Ru sacrifice]
    49 | D        | Reached * piety under Ru
    62 | D        | Reached skill level 5 in Unarmed Combat
    77 | D        | Noticed a flying skull
    91 | D        | Reached XP level 3. HP: 21/39 MP: 2/2
   139 | D        | Reached skill level 6 in Unarmed Combat
   222 | D        | Killed a flying skull
   222 | D        | Reached skill level 7 in Unarmed Combat
   222 | D        | Reached skill level 5 in Fighting
   222 | D        | Reached skill level 8 in Unarmed Combat
   222 | D        | Reached skill level 9 in Unarmed Combat
   222 | D        | Reached XP level 4. HP: 23/53 MP: 3/3
   222 | D        | Reached XP level 5. HP: 26/61 MP: 4/4
   315 | D        | Noticed a lemure
   315 | D        | Noticed a lemure
   315 | D        | Noticed Pikel
   329 | D        | Noticed a lemure
   337 | D        | Killed Pikel
   337 | D        | Reached skill level 10 in Unarmed Combat
   337 | D        | Reached skill level 11 in Unarmed Combat
   337 | D        | Reached skill level 12 in Unarmed Combat
   337 | D        | Reached XP level 6. HP: 47/75 MP: 5/5
   337 | D        | Reached XP level 7. HP: 52/83 MP: 6/6
   356 | D        | Reached skill level 10 in Fighting
   410 | D        | Noticed a vampire knight
   422 | D        | Killed a vampire knight
   422 | D        | Reached skill level 13 in Unarmed Combat
   422 | D        | Reached skill level 14 in Unarmed Combat
   422 | D        | Reached XP level 8. HP: 61/97 MP: 7/7
   510 | D        | Reached skill level 15 in Unarmed Combat
   612 | D        | Gained mutation: You cannot study or cast Earth magic. [Ru
                  | sacrifice]
   612 | D        | Gained mutation: You cannot study or cast Hexes magic. [Ru
                  | sacrifice]
   612 | D        | Gained mutation: You cannot study or cast Translocations
                  | magic. [Ru sacrifice]
   612 | D        | Reached ** piety under Ru
   613 | D        | Noticed a blink frog
   613 | D        | Noticed a blink frog
   613 | D        | Noticed a blink frog
   613 | D        | Noticed a molten gargoyle
   622 | D        | Killed a blink frog
   622 | D        | Reached XP level 9. HP: 101/105 MP: 8/8
   635 | D        | Killed a molten gargoyle
   636 | D        | Reached skill level 16 in Unarmed Combat
   960 | D        | Noticed a gargoyle
   960 | D        | Noticed an orc sorcerer
   960 | D        | Noticed a tyrant leech
   969 | D        | Killed a shadow wraith
   974 | D        | Killed an orc sorcerer
   974 | D        | Reached XP level 10. HP: 58/119 MP: 9/9
   980 | D        | Reached skill level 17 in Unarmed Combat
   985 | D        | Killed a gargoyle
   987 | D        | Gained mutation: You cannot train Dodging skill. [Ru
                  | sacrifice]
   987 | D        | Reached *** piety under Ru
  1171 | D        | Noticed a sun demon
  1178 | D        | Noticed a cane toad
  1178 | D        | Slain by a sun demon

Illustrated notes

Levels and vault maps discovered:
D:        pitsprint [storerooms_1, entrance_room_1, metal_vault_3, armoury_3,
          mini_pit_1, grid_room_1, main_hall_1, silver_pit, the_coven_2,
          the_vestibule_1, steel_vault_3, golden_pit, hallway_of_sentries,
          crystal_vault_6, iron_vault_2, final_vault]

Skill      XL: |  1  2  3  4  5  6  7  8  9 10 |
---------------+-------------------------------+-----
Unarmed Combat | 4 5 9 12 14 15 16 17 | 17.1
Fighting       | 3 4 6 9 11 13 14 | 14.0
Dodging        | 0 |  0.0
Stealth        | |  1.0

Action                   |  1- 3 |  4- 6 |  7- 9 | 10-12 || total
-------------------------+-------+-------+-------+-------++-------
Melee: Unarmed           |    25 |    14 |    79 |    29 ||   147
       Punch             |     2 |       |     3 |     1 ||     6
Invok: Sacrifice Words   |     1 |       |       |       ||     1
       Sacrifice Arcana  |       |       |     1 |       ||     1
       Draw Out Power    |       |       |       |     1 ||     1
       Sacrifice Nimblen |       |       |       |     1 ||     1
  Use: Potion            |     2 |       |     1 |       ||     3
 Stab: Sleeping          |     4 |       |     1 |       ||     5
Armor: Robe              |     1 |       |     7 |     2 ||    10
Dodge: Dodged            |    11 |     4 |    31 |     4 ||    50

Table legend: (Time is in decaauts)
 A = Elapsed time spent in this place.
 B = Non-inter-level travel time spent in this place.
 C = Inter-level travel time spent in this place.
 D = Time resting spent in this place.
 E = Time spent auto-exploring this place.
 F = Levels seen in this place.
 G = Mean time per level.
                   A        B        C        D        E       F      G
               +--------+--------+--------+--------+--------+-----+--------+
         Total |   1165 |   1094 |     71 |    733 |      0 |   1 | 1165.0 |
       Dungeon |   1165 |   1094 |     71 |    733 |      0 |   1 | 1165.0 |
               +--------+--------+--------+--------+--------+-----+--------+

Top non-repeatable levels by time:
       D: 1165 daAuts
